 Dungeon Crawl Stone Soup version 0.22.0-1-g6561e4c (webtiles) character file.

97 sking99 the Digger (level 4, 0/35 HPs)
             Began as a Centaur Earth Elementalist on Aug 12, 2018.
             Succumbed to a worker ant's poison
             ... on level 3 of the Dungeon.
             The game lasted 00:07:57 (2480 turns).

sking99 the Digger (Centaur Earth Elementalist)     Turns: 2480, Time: 00:07:58

Health: 0/35       AC:  4    Str:  9 (11) XL:     4   Next: 42%
Magic:  1/7        EV:  9    Int: 14 (15) God:
Gold:   59         SH:  3    Dex:  8 (9)  Spells: 3/7 levels left

rFire    . . .     SeeInvis .   (no weapon)
rCold    . . .     Gourm    .   a - +0 buckler
rNeg     . . .     Faith    .   c - +0 robe
rPois    .         Spirit   .   (no helmet)
rElec    .         Reflect  .   (no cloak)
rCorr    .         Harm     .   (no gloves)
MR       .....                  (no barding)
Stlth    +.........             (no amulet)
HPRegen  0.11/turn              (no ring)
MPRegen  0.10/turn              (no ring)

@: lethally poisoned (0 -> -11), berserk cooldown, very slightly contaminated,
slowed
A: large, hooves 3, deformed body, speed 2, tough skin 3
a: no special abilities


You were on level 3 of the Dungeon.
You were not hungry.

You visited 1 branch of the dungeon, and saw 3 of its levels.

You collected 59 gold pieces.

Inventory:

Missiles
 b - 90 stones (quivered)
Armour
 a - a +0 buckler (worn)
 c - a +0 robe (worn)
Scrolls
 f - 3 scrolls of remove curse
 g - a scroll of enchant weapon {unknown}
 h - a scroll of fear {unknown}
 l - a scroll of fog {unknown}
 m - a scroll of amnesia {unknown}
 n - a scroll of noise {unknown}
 p - a scroll of immolation {unknown}
 q - a scroll of teleportation {unknown}
Potions
 i - a potion of berserk rage
 j - a potion of haste {unknown}
 o - a potion of magic {unknown}
 r - a potion of mutation {unknown}
Comestibles
 d - 2 rations
 k - a chunk of flesh


   Skills:
 - Level 1.3 Fighting
 - Level 1.3 Dodging
 - Level 1.1 Stealth
 * Level 1.2 Shields
 + Level 2.2 Spellcasting
 + Level 1.0 Conjurations
   Level 0.8 Transmutations
 + Level 3.3 Earth Magic


You had 3 spell levels left.
You knew the following spells:

 Your Spells              Type           Power        Failure   Level  Hunger
a - Sandblast             Erth           ##....       8%          1    #......
b - Stone Arrow           Conj/Erth      #.....       36%         3    ###....

Your spell library contained the following spells:

 Spells                   Type           Power        Failure   Level  Hunger
 Passwall                 Tmut/Erth      #.......     19%         2    ###....
 Lee's Rapid Deconstruct  Erth           ##........   91%         5    ######.
 Petrify                  Tmut/Erth      #.......     77%         4    #####..


Dungeon Overview and Level Annotations

Branches:
Dungeon (3/15)

Altars:


Innate Abilities, Weirdness & Mutations

You have hooves in place of feet.
Armour fits poorly on your strangely shaped body.
You cover ground very quickly.
You have extremely tough skin. (AC +3)


Message History

You see here a worker ant corpse.
You feel a strong urge to attack something.
You are too berserk!
You are too berserk!
Okay, then.
You are too berserk!
* * * LOW HITPOINT WARNING * * *
You feel sick.
You see here a worker ant corpse.
You see here a worker ant corpse.
You feel your anger nearly subside.
You are no longer berserk.
You are exhausted.
You feel yourself slow down.
Throwing (i - inventory)
b - 90 stones (quivered)
Press: ? - help, Shift-Dir - straight line
Okay, then.
It was a potion of degeneration.
There was something very wrong with that liquid.
You feel weakened.
You feel dopey.
You feel clumsy.
You die...

#.# ..#.# .# #.# ....#
.# # #.# #.##.# .#.#
#.######.##.##.#.#
#................
#..####.###.##.# .#
#...<.#.....<..###.###>
##.##.#†.##.#.........
#.##..@.##.#..###...#
#..........#..##.. .
#####.#.####..##.#.#
##.#.####..##.#.#
#...............#
#...#########.###
#......a..# #.####
#####...#####.###....#
###......a# #.#...#..#


There were no monsters in sight!

Vanquished Creatures
  A worker ant (D:3)
  3 adders
  3 dart slugs (D:1)
  A leopard gecko (D:1)
  5 giant cockroaches
  2 hobgoblins (D:1)
  2 jackals (D:2)
  A quokka (D:2)
  5 bats
  3 frilled lizards
  3 goblins
  5 kobolds
  8 rats
42 creatures vanquished.

Notes
Turn   | Place    | Note
-------+----------+-------------------------------------------
     0 | D:1      | sking99 the Centaur Earth Elementalist began the quest for the Orb.
     0 | D:1      | Reached XP level 1. HP: 14/14 MP: 3/3
   212 | D:1      | Reached XP level 2. HP: 22/22 MP: 0/4
   389 | D:1      | Reached skill level 1 in Fighting
   409 | D:1      | Reached skill level 3 in Earth Magic
  1059 | D:2      | Reached XP level 3. HP: 28/28 MP: 2/6
  1479 | D:2      | Learned a level 3 spell: Stone Arrow
  2243 | D:3      | Reached XP level 4. HP: 34/35 MP: 1/7
  2318 | D:3      | Reached skill level 1 in Shields
  2475 | D:3      | Reached skill level 1 in Conjurations
  2480 | D:3      | Succumbed to a worker ant's poison

Skill      XL: |  1  2  3  4 |
---------------+-------------+-----
Fighting       | 1 |  1.3
Earth Magic    | 3 |  3.3
Spellcasting   | 2 |  2.2
Shields        | 1 |  1.2
Conjurations   | 1 |  1.0
Dodging        | |  1.3
Stealth        | |  1.1
Transmutations | |  0.8

Action                   |  1- 3 |  4- 6 || total
-------------------------+-------+-------++-------
Melee: Unarmed           |    57 |     3 ||    60
       Kick              |    12 |       ||    12
       Mace              |    35 |       ||    35
 Cast: Sandblast         |    28 |    12 ||    40
       Stone Arrow       |     2 |     1 ||     3
  Use: Scroll            |     1 |       ||     1
       Potion            |       |     2 ||     2
  Eat: Chunk             |     4 |     1 ||     5
Armor: Robe              |    46 |     2 ||    48
Dodge: Dodged            |    53 |     3 ||    56
Block: Buckler           |     8 |     2 ||    10
